 Dungeon Sprint DCSS version 0.29-a0-1006-g0dd7720b37 (webtiles) character file.

Game seed: 916036899565788443

8750 Hubris850 the Bludgeoner (level 11, -4/68 HPs)
             Began as a Gargoyle Monk on Aug 6, 2022.
             Was a High Priest of Makhleb.
             Slain by a yellow draconian
             ... wielding a +0 dire flail
              (7 damage)
             ... in the Dungeon (Sprint V: "Ziggurat Sprint").
             The game lasted 00:09:50 (966 turns).

Hubris850 the Bludgeoner (Gargoyle Monk)             Turns: 966, Time: 00:09:51

Health: -4/68      AC: 27    Str: 27    XL:     11   Next: 35%
Magic:  22/22      EV:  0    Int: 11    God:    Makhleb [*****.]
Gold:   0          SH: 29    Dex: 14    Spells: 10/10 levels left

rFire   . . .      SeeInvis .   Q - +8 war axe (elec)
rCold   . . .      Faith    .   H - +18 shield of the Gong {rElec rN+ Will+ EV-5}
rNeg    + + +      Spirit   .   j - +5 crystal plate armour
rPois   ∞          Reflect  .   (no helmet)
rElec   +          Harm     .   P - scarf {repulsion}
rCorr   .          Rampage  .   (no gloves)
Will    ++...      NoTele   +   (no boots)
Stlth   ..........              q - amulet of Res Nullius {RegenMP rN++ Will+ Str-4 Dex+2}
HPRegen 0.21/turn               D - +6 ring of strength
MPRegen 0.58/turn               E - +6 ring of strength

@: corroded, repel missiles
A: sickness immunity, AC +8, negative energy resistance 1, electricity
resistance, torment resistance 1, petrification resistance
a: Renounce Religion, Minor Destruction, Lesser Servant of Makhleb, Major
Destruction, Greater Servant of Makhleb


You were in the Dungeon.
You worshipped Makhleb.
Makhleb was extremely pleased with you.
You visited 1 branch

Inventory:

Hand Weapons
 a - a +0 mace
 G - the +10 dark maul {vorpal}
   (You found it in the Dungeon)

   It inflicts extra damage upon your enemies.
 I - the +7 great mace "Firestarter" {inner flame, rF++}
   (You found it in the Dungeon)

   It burns those it strikes, dealing additional fire damage.
   It fills those it strikes with an explosive inner flame.
   It grants immunity to clouds of flame.
   rF:        It greatly protects you from fire.
 J - the +6 shillelagh "Devastator" {shatter}
   (You found it in the Dungeon)

   It releases a powerful concussive burst when it strikes, dealing extra damage
   to the target and all other foes adjacent to them.
 Q - a +8 war axe of electrocution (weapon)
 S - the +6 arbalest "Damnation" {damnation}
   (You found it in the Dungeon)

   Any ammunition fired from it explodes in a burst of damnation on striking a
   foe, dealing damage which bypasses armour.
Armour
 b - a +0 robe
 j - a +5 crystal plate armour (worn)
 k - a +3 buckler
 l - a +3 kite shield
 m - a +3 tower shield
 H - the +18 shield of the Gong (worn) {rElec rN+ Will+ EV-5}
   (You found it in the Dungeon)

   It is deafeningly noisy when blocking attacks.
   EV:        It affects your evasion (-5).
   rElec:     It insulates you from electricity.
   rN:        It protects you from negative energy.
   Will:      It increases your willpower.
 P - a scarf of repulsion (worn)
Jewellery
 q - the amulet of Res Nullius (around neck) {RegenMP rN++ Will+ Str-4 Dex+2}
   (You found it in the Dungeon)

   [amulet of magic regeneration]

   It increases your rate of magic regeneration.
   Str:       It affects your strength (-4).
   Dex:       It affects your dexterity (+2).
   rN:        It greatly protects you from negative energy.
   Will:      It increases your willpower.
 y - a ring of flight
 z - a +6 ring of dexterity
 A - a +6 ring of dexterity
 B - a +6 ring of intelligence
 C - a +6 ring of intelligence
 D - a +6 ring of strength (left hand)
 E - a +6 ring of strength (right hand)
 L - a ring of positive energy
 M - an amulet of the acrobat
 N - a +6 ring of strength
 R - a ring of protection from fire
Wands
 w - a wand of mindburst (7)
 x - a wand of quicksilver (7)
Scrolls
 i - 3 scrolls of blinking
 s - 4 scrolls of amnesia
 t - 7 scrolls of fog
 u - 5 scrolls of identify
 v - 2 scrolls of fear
 O - 2 scrolls of brand weapon
Potions
 c - a potion of ambrosia
 d - 5 potions of curing
 e - 5 potions of heal wounds
 f - 5 potions of haste
 g - 7 potions of magic
 h - a potion of berserk rage
 n - 2 potions of brilliance
 o - 2 potions of invisibility
 p - 4 potions of resistance
 r - 7 potions of might
Miscellaneous
 F - a lightning rod (4/4)
 K - a tin of tremorstones (2/2)


   Skills:
 + Level 7.8 Fighting
 - Level 20.0 Maces & Flails
 + Level 6.6 Armour
 - Level 2.4 Dodging
 - Level 2.1 Stealth
 - Level 9.7 Shields
 - Level 15.2 Invocations


You had 10 spell levels left.
You didn't know any spells.
Your spell library contained the following spells:

 Spells                   Type           Power      Damage    Failure   Level
 Sandblast                Erth           0%         2d4       100%        1
 Call Imp                 Summ           0%         N/A       100%        2
 Scorch                   Fire           0%         2d5       100%        2
 Searing Ray              Conj           0%         2d4       100%        2
 Dazzling Flash           Conj/Hex       0%         N/A       100%        3
 Ignite Poison            Fire/Tmut/Pois 0%         N/A       100%        3
 Inner Flame              Hex/Fire       0%         N/A       100%        3
 Lesser Beckoning         Tloc           0%         N/A       100%        3
 Mephitic Cloud           Conj/Pois/Air  0%         N/A       100%        3
 Portal Projectile        Hex/Tloc       0%         N/A       100%        3
 Teleport Other           Tloc           0%         N/A       100%        3
 Petrify                  Tmut/Erth      0%         N/A       100%        4
 Alistair's Intoxication  Tmut/Pois      0%         N/A       100%        5
 Borgnjor's Vile Clutch   Necr/Erth      0%         N/A       100%        5
 Freezing Cloud           Conj/Ice/Air   0%         6-21      100%        5
 Irradiate                Conj/Tmut      0%         3d11      100%        5
 Summon Forest            Summ/Tloc      0%         N/A       100%        5
 Summon Mana Viper        Hex/Summ       0%         N/A       100%        5
 Conjure Ball Lightning   Conj/Air       0%         3x3d6     100%        6
 Dispersal                Tloc           0%         N/A       100%        6
 Borgnjor's Revivificati  Necr           0%         N/A       100%        8
 Disjunction              Tloc           0%         N/A       100%        8
 Lehudib's Crystal Spear  Conj/Erth      0%         10d2      100%        8
 Statue Form              Tmut/Erth      Unusable   N/A       N/A         6

Dungeon Overview and Level Annotations

Branches:
Dungeon (1/1)

Altars:
Ashenzari
Cheibriados
Dithmenos
Elyvilon
Fedhas
Gozag
Hepliaklqana
Kikubaaqudgha
Makhleb
Nemelex Xobeh
Okawaru
Qazlal
Ru
Sif Muna
Trog
Uskayaw
Vehumet
Wu Jian
Xom
Yredelemnul
Zin
The Shining One
Jiyva
Lugonu


Innate Abilities, Weirdness & Mutations

You are immune to sickness and miasma.
Your stone body is resilient. (AC +8)
You are immune to poison.
You resist negative energy. (rN+)
You are resistant to electric shocks. (rElec)
You are resistant to unholy torment.
You are immune to petrification.


Message History

Your balrug hits the yellow draconian with a +0 demon whip of draining!
The yellow draconian is engulfed in flames!
Your cacodemon hits the yellow draconian! x2
Your blizzard demon hits the draconian!
Your blizzard demon hits the draconian but does no damage.
Unknown command.
You feel better.
Your balrug hits the yellow draconian with a +0 demon whip of draining!!
The yellow draconian is engulfed in flames!
The yellow draconian hits you with a +0 dire flail!
* * * LOW HITPOINT WARNING * * *
You block the draconian's attack.
PANG!
You block the draconian's attack.
GONNNNG!
The yellow draconian hits you but does no damage.
You block the white draconian's attack.
SHROANNG!
The draconian hits your blizzard demon with a +0 club.
The draconian hits you with a +0 flail.
* * * LOW HITPOINT WARNING * * *
Your cacodemon hits the yellow draconian!
Your cacodemon hits the yellow draconian but does no damage.
Your balrug barely misses the yellow draconian.
Your blizzard demon hits the draconian!
Your blizzard demon hits the draconian!!
You feel better. You block the draconian's attack.
GONNNNG!
You block the draconian's attack.
GONNNNG!
The draconian hits you with a +0 flail.
* * * LOW HITPOINT WARNING * * *
You block the yellow draconian's attack.
BONNNG!
The white draconian breathes frost at you.
The blast of cold hits you!
* * * LOW HITPOINT WARNING * * *
The draconian hits the white draconian with a +0 club.
The yellow draconian hits you with a +0 dire flail!
You die...

▓..[=}:[..▓
▓...)[!}..▓
▓.....)...▓
▓.........▓
▓...2.2...▓
▓...dd....▓
▓.▓2ddd.▓.▓
▓...d@d...▓
▓▓▓▓▓▓▓▓▓▓▓


You could see 2 draconians, a white draconian, 4 draconians, a friendly
cacodemon (summoned), a friendly balrug (summoned) and a friendly blizzard demon
(summoned).

Vanquished Creatures
  2 two-headed ogres (D)
  A centaur warrior (D)
  A wretched star (D)
  A spriggan druid (D)
  2 deep elf zephyrmancers (D)
  A deep elf pyromancer (D)
  A slime creature (D)
  An eye of devastation (D)
  2 yaktaurs (D)
  3 trolls (D)
  3 spriggans (D)
  A water elemental (D)
  A golden eye (D)
  A floating eye (D)
  A black bear (D)
  3 ogres (D)
  3 centaurs (D)
  A wolf (D)
  2 jellies (D)
  2 quasits (D)
  A white imp (D)
  An ufetubus (D)
  3 orcs (D)
  An endoplasm (D)
39 creatures vanquished.

Vanquished Creatures (collateral kills)
  A purple draconian (D)
  A draconian (D)
  A black bear (D)
  A wolf (D)
  A jelly (D)
  A shadow imp (D)
  An orc (D)
7 creatures vanquished.

Grand Total: 46 creatures vanquished

Notes
Turn   | Place    | Note
-------+----------+-------------------------------------------
     0 | D        | Hubris850 the Gargoyle Monk began the quest for the Orb.
     0 | D        | Reached XP level 1. HP: 14/14 MP: 1/1
     3 | D        | Found a blossoming altar of Fedhas.
     3 | D        | Found the +6 Majin-Bo {vamp, MP+6 Int+6}
     3 | D        | Found the +9 heavy crossbow "Sniper" {vorpal, Acc+∞ SInv}
     3 | D        | Found the +10 dark maul {vorpal}
     3 | D        | Found the +15 Maxwell's patent armour {-Cast -Tele rElec
                  | Will+ rCorr}
     3 | D        | Found the +18 shield of the Gong {rElec rN+ Will+ EV-5}
     3 | D        | Found the +14 obsidian axe {vorpal, Mesm Drain Fly SInv}
     3 | D        | Found the +7 great mace "Firestarter" {inner flame, rF++}
     3 | D        | Found the +6 shillelagh "Devastator" {shatter}
     3 | D        | Found the +11 plutonium sword {Contam Stlth-}
     3 | D        | Found the +8 lance "Wyrmbane" {slay drac, rPois rF+ rC+
                  | AC+3}
     3 | D        | Found the +9 sword of Zonguldrok {reap}
     3 | D        | Found the +13 scythe of Curses {drain, Drain}
     3 | D        | Found the +5 sword of Power {vorpal}
     3 | D        | Found the +7 mace of Variability {chain chaos}
     3 | D        | Found the +7 Singing Sword {vorpal, sonic wave}
     3 | D        | Found the +8 storm bow {elec, penet}
     7 | D        | Found a shimmering blue altar of Sif Muna.
     7 | D        | Found a sacrificial altar of Ru.
     7 | D        | Found a bloodstained altar of Trog.
     7 | D        | Found a stormy altar of Qazlal.
     7 | D        | Found an iron altar of Okawaru.
     7 | D        | Found a sparkling altar of Nemelex Xobeh.
     9 | D        | Found a transporter.
     9 | D        | Found an ancient bone altar of Kikubaaqudgha.
     9 | D        | Found a viscous altar of Jiyva.
     9 | D        | Found a corrupted altar of Lugonu.
     9 | D        | Found a hazy altar of Hepliaklqana.
     9 | D        | Found a burning altar of Makhleb.
     9 | D        | Found an opulent altar of Gozag.
    58 | D        | Became a worshipper of Makhleb the Destroyer
    58 | D        | Reached * piety under Makhleb
    58 | D        | Reached ** piety under Makhleb
    59 | D        | Reached skill level 4 in Maces & Flails
    59 | D        | Reached skill level 5 in Invocations
    59 | D        | Reached XP level 2. HP: 19/19 MP: 1/5
    67 | D        | Entered arena 2.
    67 | D        | Noticed a golden eye
    67 | D        | Found a transporter.
    84 | D        | Killed a golden eye
    85 | D        | Reached skill level 6 in Maces & Flails
    85 | D        | Reached XP level 3. HP: 14/23 MP: 3/9
    85 | D        | Reached XP level 4. HP: 17/28 MP: 3/10
    85 | D        | Reached XP level 5. HP: 20/32 MP: 3/11
   207 | D        | Got Easy Theurgy
   210 | D        | Entered arena 3.
   210 | D        | Noticed an ogre
   210 | D        | Noticed a troll
   210 | D        | Noticed a two-headed ogre
   210 | D        | Found a transporter.
   214 | D        | HP: 1/32 [ogre/+0 giant club (9)]
   218 | D        | Killed a two-headed ogre
   218 | D        | Killed an ogre
   218 | D        | Reached *** piety under Makhleb
   218 | D        | Killed a troll
   219 | D        | Reached skill level 9 in Maces & Flails
   219 | D        | Reached XP level 6. HP: 37/37 MP: 11/15
   219 | D        | Reached XP level 7. HP: 41/41 MP: 12/17
   219 | D        | Reached XP level 8. HP: 46/46 MP: 12/18
   267 | D        | Got the Dissertation on Sculpting and the Congregation
   271 | D        | Entered arena 4.
   271 | D        | Found a transporter.
   291 | D        | Got the amulet of Res Nullius {RegenMP rN++ Will+ Str-4
                  | Dex+2}
   299 | D        | Got Fafaoz's Omnibus of Confrontation and Ignition
   302 | D        | Entered arena 5.
   302 | D        | Noticed a water elemental
   302 | D        | Noticed a deep elf zephyrmancer
   302 | D        | Noticed a deep elf zephyrmancer
   302 | D        | Noticed a deep elf pyromancer
   302 | D        | Found a transporter.
   309 | D        | Killed a water elemental
   309 | D        | Reached **** piety under Makhleb
   309 | D        | Killed a deep elf zephyrmancer
   310 | D        | Reached skill level 12 in Maces & Flails
   319 | D        | Killed a deep elf pyromancer
   319 | D        | Killed a deep elf zephyrmancer
   320 | D        | Reached skill level 14 in Maces & Flails
   320 | D        | Reached XP level 9. HP: 22/51 MP: 19/19
   488 | D        | Entered arena 6.
   488 | D        | Noticed a troll
   488 | D        | Noticed a two-headed ogre
   488 | D        | Noticed a troll
   488 | D        | Found a transporter.
   492 | D        | Killed a troll
   493 | D        | Reached skill level 15 in Maces & Flails
   495 | D        | HP: 2/51 [two-headed ogre/+0 giant club (1)]
   502 | D        | Killed a two-headed ogre
   502 | D        | Reached ***** piety under Makhleb
   503 | D        | Reached skill level 16 in Maces & Flails
   503 | D        | Reached XP level 10. HP: 56/56 MP: 20/20
   506 | D        | Reached skill level 17 in Maces & Flails
   610 | D        | Entered arena 7.
   610 | D        | Noticed a centaur warrior
   611 | D        | Found a transporter.
   616 | D        | Killed a centaur warrior
   617 | D        | Reached skill level 18 in Maces & Flails
   789 | D        | Entered arena 8.
   789 | D        | Noticed a wretched star
   798 | D        | Killed a wretched star
   799 | D        | Reached skill level 19 in Maces & Flails
   799 | D        | Found a transporter.
   803 | D        | Reached ****** piety under Makhleb
   875 | D        | Entered arena 9.
   875 | D        | Noticed an eye of devastation
   889 | D        | Killed an eye of devastation
   890 | D        | Reached skill level 15 in Invocations
   890 | D        | Found a transporter.
   897 | D        | Got the Omnibus of Grounded Blasts
   907 | D        | Got Egoag's Papyrus of Twisted Orientation
   922 | D        | Entered arena 10.
   922 | D        | Found the +6 arbalest "Damnation" {damnation}
   922 | D        | Noticed a spriggan druid
   924 | D        | Found a transporter.
   927 | D        | Reached skill level 1 in Armour
   927 | D        | Reached XP level 11. HP: 43/60 MP: 22/22
   932 | D        | Killed a spriggan druid
   933 | D        | Reached skill level 20 in Maces & Flails
   951 | D        | Got the Reference Book on the Map and Permutations
   953 | D        | Entered arena 11.
   953 | D        | Noticed a draconian
   953 | D        | Noticed a purple draconian
   953 | D        | Noticed a draconian
   953 | D        | Noticed a yellow draconian
   953 | D        | Noticed a white draconian
   953 | D        | Noticed a draconian
   953 | D        | Noticed a draconian
   953 | D        | Noticed a yellow draconian
   953 | D        | Noticed a draconian
   959 | D        | Killed a draconian
   960 | D        | Reached skill level 5 in Armour
   963 | D        | HP: 1/66 [yellow draconian/+0 dire flail (10)]
   963 | D        | Killed a purple draconian
   966 | D        | Slain by a yellow draconian

Illustrated notes

Levels and vault maps discovered:
D:        sprint_v [room_start, room_1, room_2, room_3, room_4, room_5, room_6,
          room_7, room_8, room_9, room_10, room_11, room_12, room_13, room_14,
          room_15, room_16, room_17, room_18, room_19, room_20, room_21,
          room_22, room_23, room_24, room_25, room_26, room_27]

Skill      XL: |  1  2  3  4  5  6  7  8  9 10 11 |
---------------+----------------------------------+-----
Maces & Flails | 4 6 9 14 16 19 20 | 20.0
Shields        | 3 6 9 |  9.7
Invocations    | 5 9 13 14 15 | 15.2
Armour         | 1 6 |  6.6
Fighting       | 7 |  7.8
Dodging        | |  2.4
Stealth        | |  2.1

Action                   |  1- 3 |  4- 6 |  7- 9 | 10-12 || total
-------------------------+-------+-------+-------+-------++-------
Melee: Shillelagh        |     6 |     2 |     2 |       ||    10
       Great mace        |       |       |    13 |    31 ||    44
       War axe           |       |       |       |    14 ||    14
Invok: Minor Destruction |       |     3 |     2 |       ||     5
       Lesser Servant of |       |       |     3 |     2 ||     5
       Major Destruction |       |       |     2 |     2 ||     4
       Greater Servant o |       |       |       |     6 ||     6
  Use: Potion            |     1 |     3 |     5 |     5 ||    14
       Scroll            |       |       |     1 |       ||     1
 Stab: Distracted        |       |       |       |     2 ||     2
Armor: Crystal plate arm |    12 |     2 |    25 |    63 ||   102
Dodge: Dodged            |     1 |       |    11 |    17 ||    29
Block: Kite shield       |       |    10 |     1 |    41 ||    52

Table legend: (Time is in decaauts)
 A = Elapsed time spent in this place.
 B = Non-inter-level travel time spent in this place.
 C = Inter-level travel time spent in this place.
 D = Time resting spent in this place.
 E = Time spent auto-exploring this place.
 F = Levels seen in this place.
 G = Mean time per level.
                   A        B        C        D        E       F      G
               +--------+--------+--------+--------+--------+-----+--------+
         Total |    959 |    959 |      0 |    598 |      0 |   1 |  959.0 |
       Dungeon |    959 |    959 |      0 |    598 |      0 |   1 |  959.0 |
               +--------+--------+--------+--------+--------+-----+--------+

Top non-repeatable levels by time:
       D: 959 daAuts
